 Dungeon Crawl Stone Soup version 0.25-a0-287-g56a5b49892 (webtiles) character file.

Game seed: 8830531753468920583, levelgen mode: deterministic

1926 Henning the Cudgeler (level 9, 0/54 HPs)
             Began as a Gargoyle Fighter on Dec 12, 2019.
             Was an Initiate of Okawaru.
             Slain by a killer bee (2 damage)
             ... on level 8 of the Dungeon.
             The game lasted 00:12:12 (5315 turns).

Henning the Cudgeler (Gargoyle Fighter)             Turns: 5315, Time: 00:12:12

Health: 0/54       AC: 15    Str: 22    XL:     9   Next: 17%
Magic:  9/9        EV:  9    Int: 10    God:    Okawaru [......]
Gold:   463        SH: 10    Dex:  9    Spells: 8/8 levels left

rFire    . . .     SeeInvis .   r - +2 flail (drain)
rCold    . . .     Gourm    .   c - +0 shield
rNeg     + . .     Faith    .   b - +0 scale mail
rPois    ∞         Spirit   .   l - +0 helmet
rElec    +         Reflect  .   (no cloak)
rCorr    .         Harm     .   (no gloves)
MR       .....                  (no boots)
Stlth    ..........             (no amulet)
HPRegen  0.18/turn              (no ring)
MPRegen  0.11/turn              (no ring)

@: no status effects
A: negative energy resistance 1, electricity resistance, unbreathing,
petrification resistance, rot immunity, AC +6
a: Renounce Religion


You were on level 8 of the Dungeon.
You worshipped Okawaru.
Okawaru was noncommittal.
You were not hungry.

You visited 2 branches of the dungeon, and saw 8 of its levels.

You collected 463 gold pieces.

Inventory:

Hand Weapons
 r - a +2 flail of draining (weapon)
Armour
 b - a +0 scale mail (worn)
 c - a +0 shield (worn)
 l - a +0 helmet (worn)
Jewellery
 y - an uncursed amulet of rage {unknown}
Wands
 x - a wand of flame (18)
Scrolls
 e - 2 scrolls of random uselessness {unknown}
 g - 9 scrolls of identify {unknown}
 h - 3 scrolls of teleportation {unknown}
 k - 3 scrolls of immolation {unknown}
 p - 2 scrolls of remove curse {unknown}
 q - a scroll of blinking {unknown}
 t - 3 scrolls of magic mapping {unknown}
 u - a scroll of amnesia {unknown}
 z - a scroll of enchant weapon {unknown}
Potions
 a - 2 potions of degeneration {unknown}
 d - a potion of might
 i - 3 potions of lignification {unknown}
 j - 3 potions of flight {unknown}
 m - 2 potions of heal wounds {unknown}
 n - 2 potions of curing
 o - a potion of invisibility {unknown}
 s - a potion of resistance {unknown}
 v - a potion of mutation {unknown}
 w - a potion of cancellation {unknown}
 A - a potion of berserk rage {unknown}
Comestibles
 f - 13 rations
 B - 7 chunks of flesh


   Skills:
 + Level 5.6 Fighting
 * Level 7.4 Maces & Flails
 + Level 6.6 Armour
 + Level 2.2 Dodging
 - Level 0.5 Stealth
 + Level 6.6 Shields
 + Level 1.1 Invocations


You had 8 spell levels left.
You didn't know any spells.
Your spell library was empty.

Dungeon Overview and Level Annotations

Branches:
Dungeon (6/15)             Temple (1/1) D:6

Altars:
Ashenzari
Cheibriados
Dithmenos
Elyvilon
Fedhas
Gozag
Kikubaaqudgha
Makhleb
Nemelex Xobeh
Okawaru
Qazlal
Ru
Sif Muna
Trog
Uskayaw
Vehumet
Wu Jian
Xom
Yredelemnul
Zin
The Shining One


Innate Abilities, Weirdness & Mutations

You are resistant to torment.
Your stone body is resilient. (AC +6)
You are immune to poison.
You resist negative energy. (rN+)
You are resistant to electric shocks. (rElec)
You can survive without breathing.
You are immune to petrification.
You are immune to rotting.


Message History

The killer bee stings you but does no damage.
You block the killer bee's attack. The killer bee stings you.
* * * LOW HITPOINT WARNING * * *
You see here a quokka corpse.
The killer bee stings you but does no damage.
A killer bee comes into view.
The killer bee buzzes angrily.
You block the killer bee's attack. The killer bee stings you.
* * * LOW HITPOINT WARNING * * *
You block the killer bee's attack.
The killer bee stings you but does no damage.
The killer bee stings you.
* * * LOW HITPOINT WARNING * * *
You barely miss the killer bee. The killer bee misses you.
You block the killer bee's attack. x3; The adder bites you but does no damage.
You block the killer bee's attack. x2; The killer bee barely misses you.
You block the killer bee's attack. The killer bee stings you.
You die...

. ######## #.#......######
.%............#
#......#......############
#†......O.H†........#
.####..yS.%###.#..#.#.#
........@y.[# #.#..#.#H#
.....(......# #O#....#O#
...##..?....# #H#.#..#.#
.# #.......###.#.#..#.#
.........##....OH..$#
.##.......##.###...### .
#.......##. #.....#
#.......##. #)....# ..
#.....#


You could see a hippogriff, an ogre, 2 killer bees and an adder.

Vanquished Creatures
  The ghost of Ivo the Skirmisher, a novice HuWn (D:4)
  Sigmund (D:2)
  An orc warrior (D:3)
  A sky beast (D:5)
  3 ogres
  A bullfrog (D:6)
  A wyvern zombie (D:4)
  3 scorpions
  A wyvern skeleton (D:4)
  A killer bee (D:8)
  2 crimson imps
  2 howler monkeys (D:4)
  2 orc priests (D:3)
  A hound (D:5)
  3 orc wizards
  Terence (D:2)
  4 worker ants
  A killer bee zombie (D:4)
  A hound skeleton (D:4)
  8 adders
  An ooze (D:1)
  2 worms
  5 dart slugs
  4 leopard geckos
  14 orcs
  5 giant cockroaches
  10 hobgoblins
  11 jackals
  3 quokkas
  A ball python (D:5)
  11 bats
  6 frilled lizards
  6 goblins
  11 kobolds
  3 leopard gecko skeletons
  A leopard gecko zombie (D:6)
  A quokka zombie (D:5)
  10 rats
144 creatures vanquished.

Notes
Turn   | Place    | Note
-------+----------+-------------------------------------------
     0 | D:1      | Henning the Gargoyle Fighter began the quest for the Orb.
     0 | D:1      | Reached XP level 1. HP: 14/14 MP: 1/1
   154 | D:1      | Reached XP level 2. HP: 15/19 MP: 2/2
   578 | D:1      | Reached XP level 3. HP: 23/23 MP: 3/3
  1126 | D:2      | Noticed Terence
  1152 | D:2      | Killed Terence
  1152 | D:2      | Reached XP level 4. HP: 23/28 MP: 4/4
  1182 | D:2      | Found a faded altar of an unknown god.
  1200 | D:2      | Reached skill level 3 in Maces & Flails
  1275 | D:2      | Became a worshipper of Nemelex Xobeh the Trickster
  1275 | D:2      | Received a gift from Nemelex Xobeh
  1275 | D:2      | Reached * piety under Nemelex Xobeh
  1486 | D:2      | Noticed Sigmund
  1503 | D:2      | Killed Sigmund
  1503 | D:2      | Reached skill level 4 in Maces & Flails
  1503 | D:2      | Reached XP level 5. HP: 16/33 MP: 5/5
  1503 | D:2      | Reached XP level 6. HP: 18/38 MP: 6/6
  1719 | D:2      | Found a sacrificial altar of Ru.
  1753 | D:2      | Found a shimmering blue altar of Sif Muna.
  1755 | D:2      | Found a bloodstained altar of Trog.
  1756 | D:2      | Found a glowing golden altar of the Shining One.
  1810 | D:2      | Found a burning altar of Makhleb.
  1825 | D:2      | Reached skill level 1 in Dodging
  1825 | D:2      | Reached skill level 5 in Shields
  1860 | D:2      | Received a gift from Nemelex Xobeh
  2246 | D:3      | Reached XP level 7. HP: 43/43 MP: 7/7
  2263 | D:3      | HP: 2/43 [orc warrior/+0 halberd (8)]
  2264 | D:3      | Reached skill level 5 in Maces & Flails
  2920 | D:3      | Found a shattered altar of Ashenzari.
  3160 | D:4      | Reached ** piety under Nemelex Xobeh
  3190 | D:4      | Received a gift from Nemelex Xobeh
  3280 | D:4      | Reached skill level 5 in Armour
  3535 | D:4      | Found a runed translucent gate.
  3535 | D:4      | Found a runed translucent gate.
  3535 | D:4      | Found a runed translucent gate.
  3537 | D:4      | Noticed Ivo's ghost (novice HuWn)
  3826 | D:4      | Killed Ivo's ghost
  3826 | D:4      | Reached skill level 6 in Maces & Flails
  3826 | D:4      | Reached XP level 8. HP: 17/48 MP: 8/8
  4063 | D:5      | Entered Level 5 of the Dungeon
  4079 | D:5      | Reached skill level 5 in Fighting
  4434 | D:5      | Reached skill level 7 in Maces & Flails
  4763 | D:6      | Reached XP level 9. HP: 54/54 MP: 9/9
  4776 | D:6      | Found a staircase to the Ecumenical Temple.
  4785 | Temple   | Entered the Ecumenical Temple
  4920 | Temple   | Fell from the grace of Nemelex Xobeh
  4920 | Temple   | Became a worshipper of Warmaster Okawaru
  5169 | D:6      | Reached skill level 1 in Invocations
  5259 | D:6      | You fall into a shaft and drop 2 floors!
  5312 | D:8      | HP: 1/54 [killer bee (2)]
  5315 | D:8      | Slain by a killer bee

Levels and vault maps discovered:
D:1:      dpeg_arrival_arbitrary_b, layout_basic, serial_forest,
          infiniplex_forest_straight_1, infiniplex_forest_3_way,
          infiniplex_forest_zigzag_1, infiniplex_forest_lined_room_3,
          infiniplex_forest_end_3, infiniplex_forest_clump_tiny,
          infiniplex_forest_lined_1, infiniplex_forest_lined_3_way,
          grunt_decor_arrowhead
D:2:      layout_basic, makhleb_grotto_becter, grunt_temple_overflow_open,
          chequers_ecumenical_altar_lobes, corexii_shack, uniq_terence,
          uniq_sigmund
D:3:      layout_rooms, marbit_many_paths, first_ration
D:4:      layout_loops_ring, gammafunk_ghost_necromancy, moated_statue
D:5:      minmay_skewed_foursquare, layout_loops_ring
D:6:      layout_basic, minmay_temple_entry_statues_pillars, serial_shops,
          nicolae_shop_stone
D:8:      layout_loops_cross
Temple:   regret_index_temple_waves

Skill      XL: |  1  2  3  4  5  6  7  8  9 |
---------------+----------------------------+-----
Shields        | 4 5 6 |  6.6
Maces & Flails | 4 6 7 |  7.4
Armour         | 4 5 6 |  6.6
Dodging        | 1 2 |  2.2
Fighting       | 4 5 |  5.6
Invocations    | 1 |  1.1
Stealth        | |  0.5

Action                   |  1- 3 |  4- 6 |  7- 9 || total
-------------------------+-------+-------+-------++-------
Melee: Flail             |   155 |   167 |   211 ||   533
 Abil: Draw Destruction  |       |     1 |     5 ||     6
  Use: Potion            |       |       |     1 ||     1
  Eat: Chunk             |     1 |     4 |    10 ||    15
Armor: Scale mail        |    95 |    77 |   110 ||   282
Dodge: Dodged            |    49 |    61 |    71 ||   181
Block: Shield            |    93 |   105 |   138 ||   336

Table legend:
 A = Non-vault XP
 B = Vault XP
 C = Vault XP percentage of total XP
 D = Non-vault monster count
 E = Vault monster count
 F = Vault count percentage of total count
                 A         B        C        D         E       F
            +---------+---------+-------+---------+---------+-------
      Total |    1707 |    1045 |  38.0 |     131 |      13 |   9.0
            +---------+---------+-------+---------+---------+-------
        D:1 |      52 |       0 |   0.0 |      28 |       0 |   0.0
        D:2 |     103 |     310 |  75.1 |      31 |       4 |  11.4
        D:3 |     340 |       3 |   0.9 |      25 |       1 |   3.8
        D:4 |     280 |     595 |  68.0 |      14 |       4 |  22.2
        D:5 |     457 |     137 |  23.1 |      16 |       4 |  20.0
        D:6 |     412 |       0 |   0.0 |      15 |       0 |   0.0
        D:8 |      63 |       0 |   0.0 |       2 |       0 |   0.0
            +---------+---------+-------+---------+---------+-------
